 Dungeon Crawl Stone Soup version 0.29-a0-397-g846e4a0bbc (webtiles) character file.

Game seed: 1525689959284430390

211 Bruhh the Digger (level 5, -2/45 HPs)
             Began as an Ogre Earth Elementalist on May 11, 2022.
             Slain by an iguana (8 damage)
             ... on level 4 of the Dungeon.
             The game lasted 00:04:46 (4074 turns).

Bruhh the Digger (Ogre Earth Elementalist)          Turns: 4074, Time: 00:04:47

Health: -2/45      AC:  4    Str: 12    XL:     5   Next: 88%
Magic:  8/18       EV: 13    Int: 18    God:
Gold:   160        SH:  0    Dex:  9    Spells: 6/10 levels left

rFire   . . .      SeeInvis .   u - +0 club
rCold   + . .      Faith    .   (no shield)
rNeg    . . .      Spirit   .   f - +1 robe {rC+}
rPois   .          Reflect  .   (helmet restricted)
rElec   .          Harm     .   (no cloak)
rCorr   .          Rampage  .   (gloves unavailable)
Will    .....                   (boots unavailable)
Stlth   +.........              (no amulet)
HPRegen 0.15/turn               i - +4 ring of evasion
MPRegen 0.16/turn               q - ring of magical power

@: no status effects
A: large, unfitting armour, tough skin 1
a: no special abilities


You were on level 4 of the Dungeon.
You visited 1 branch of the dungeon, and saw 4 of its levels.

You collected 160 gold pieces.

Inventory:

Hand Weapons
 u - a +0 club (weapon)
Missiles
 n - 4 silver javelins
 z - 14 stones
Armour
 b - a +0 robe
 f - a +1 robe of cold resistance (worn)
Jewellery
 a - an amulet of faith
 i - a +4 ring of evasion (left hand)
 q - a ring of magical power (right hand)
 t - an amulet of regeneration
Scrolls
 e - 5 scrolls of identify {unknown}
 g - a scroll of fog {unknown}
 h - 3 scrolls of magic mapping {unknown}
 j - 2 scrolls of vulnerability {unknown}
 k - 2 scrolls of fear {unknown}
 l - a scroll of summoning {unknown}
 m - a scroll of enchant armour {unknown}
 o - a scroll of poison {unknown}
 r - a scroll of amnesia {unknown}
 x - a scroll of acquirement {unknown}
 y - 2 scrolls of teleportation {unknown}
Potions
 d - a potion of lignification {unknown}
 p - a potion of degeneration {unknown}
 s - 2 potions of ambrosia {unknown}
 v - a potion of magic
 w - a potion of brilliance {unknown}


   Skills:
 - Level 1.7 Dodging
 - Level 1.4 Stealth
 - Level 3.0 Spellcasting
 + Level 2.4 Conjurations
 - Level 0.8 Transmutations
 + Level 4.8 Earth Magic


You had 6 spell levels left.
You knew the following spells:

 Your Spells              Type           Power      Damage    Failure   Level
a - Sandblast             Erth           40%        2d10      2%          1
b - Stone Arrow           Conj/Erth      30%        3d8       11%         3

Your spell library contained the following spells:

 Spells                   Type           Power      Damage    Failure   Level
 Magic Dart               Conj           44%        1d5       6%          1
 Passwall                 Tmut/Erth      10%        N/A       8%          2
 Searing Ray              Conj           22%        2d5       9%          2
 Sublimation of Blood     Necr           2%         N/A       24%         2
 Call Canine Familiar     Summ           2%         N/A       43%         3
 Portal Projectile        Hex/Tloc       4%         N/A       43%         3
 Petrify                  Tmut/Erth      13%        N/A       45%         4
 Leda's Liquefaction      Hex/Erth       5%         N/A       52%         4
 Fulminant Prism          Conj/Hex       3%         3d6       67%         4
 Irradiate                Conj/Tmut      4%         3d14      92%         5


Dungeon Overview and Level Annotations

Branches:
Dungeon (4/15)
 Temple: D:4-7

Altars:

Shops:
D:1 *   D:4 *

Annotations:
D:3 3 runed translucent doors, supermoro's ghost, amateur GrFi


Innate Abilities, Weirdness & Mutations

You are too large for most types of armour.
You have tough skin. (AC +1)


Message History

You are too injured to fight recklessly!
You are too injured to fight recklessly!
You are too injured to fight recklessly!
Casting: Sandblast (safe; 2% risk of failure)
Confirm with . or Enter, or press ? or * to list all spells.
Aiming: Sandblast (safe; 2% risk of failure)
Press: ? - help, Shift-Dir - straight line, f/p - iguana
Aim: an iguana (moderately wounded, 83% to hit)
The blast of sand hits the iguana.
The iguana is severely wounded.
The ball python misses you. The iguana bites you!
* * * LOW HITPOINT WARNING * * *
Casting: Sandblast (safe; 2% risk of failure)
Confirm with . or Enter, or press ? or * to list all spells.
Aiming: Sandblast (safe; 2% risk of failure)
Press: ? - help, Shift-Dir - straight line, f/p - iguana
Aim: an iguana (severely wounded, 83% to hit)
The blast of sand hits the iguana but does no damage.
The iguana is severely wounded.
The ball python misses you.
The ball python bites you but does no damage.
The iguana closely misses you.
Casting: Sandblast (safe; 2% risk of failure)
Confirm with . or Enter, or press ? or * to list all spells.
Aiming: Sandblast (safe; 2% risk of failure)
Press: ? - help, Shift-Dir - straight line, f/p - iguana
Aim: an iguana (severely wounded, 83% to hit)
The blast of sand hits the iguana.
The iguana is severely wounded.
The ball python closely misses you.
The iguana bites you but does no damage.
Casting: Sandblast (safe; 2% risk of failure)
Confirm with . or Enter, or press ? or * to list all spells.
Aiming: Sandblast (safe; 2% risk of failure)
Press: ? - help, Shift-Dir - straight line, f/p - iguana
Aim: an iguana (severely wounded, 83% to hit)
The blast of sand hits the iguana.
The iguana is almost dead.
The ball python misses you. The iguana bites you!
You die...

#....>..#.#.# #.#.#....
#####.#.#.# # #.#.#..∩.
.....#.#.# #.#.#....
###.###)#.# #.#.#8.<.
#.......# #......
#.###.### .......##
#####.###)#.#+#######.##
................# #.##
#....>S@......... .. .
#.....l##.#...... .. #
#...... #.#...?.# ###
#####.. ........# #..
........# #.. ..o.###.#
#.o ...# #..


You could see an iguana, an orc and a ball python.

Vanquished Creatures
  An orc priest (D:4)
  2 orc wizards (D:4)
  4 adders
  2 worms (D:2)
  A dart slug (D:2)
  4 orcs (D:4)
  3 ball pythons
  2 bats (D:1)
  14 endoplasms
  3 giant cockroaches
  7 goblins
  4 hobgoblins
  15 jackals
  2 kobolds
  3 quokkas
  4 frilled lizards
  4 rats (D:1)
75 creatures vanquished.

Notes
Turn   | Place    | Note
-------+----------+-------------------------------------------
     0 | D:1      | Bruhh the Ogre Earth Elementalist began the quest for the
                  | Orb.
     0 | D:1      | Reached XP level 1. HP: 16/16 MP: 3/3
   283 | D:1      | Found Ponosil's Assorted Antiques.
   409 | D:1      | Found a faded altar of an unknown god.
   475 | D:1      | Reached skill level 3 in Earth Magic
   477 | D:1      | Reached XP level 2. HP: 24/24 MP: 1/5
  1158 | D:1      | Reached XP level 3. HP: 31/31 MP: 5/7
  1625 | D:2      | Learned a level 3 spell: Stone Arrow
  1992 | D:2      | Reached XP level 4. HP: 34/39 MP: 2/8
  2237 | D:2      | Reached skill level 4 in Earth Magic
  2369 | D:2      | Reached skill level 1 in Conjurations
  3138 | D:3      | Found a runed translucent gate.
  3139 | D:3      | Found a runed translucent gate.
  3140 | D:3      | Found a runed translucent gate.
  3160 | D:3      | Noticed supermoro's ghost (amateur GrFi)
  3658 | D:3      | Reached XP level 5. HP: 21/45 MP: 9/9
  3960 | D:4      | Found Tiaskasu's Assorted Antiques.
  4074 | D:4      | Slain by an iguana

Illustrated notes

Levels and vault maps discovered:
D:1:      heliophobic_arrival_dark_side_of_the_moon, layout_basic, serial_shops,
          shop, chequers_ecumenical_altar_simple_redux
D:2:      layout_basic, kennysheep_nub, minmay_crystal_room
D:3:      layout_rooms, gammafunk_ghost_necromancy, nrook_uturn
D:4:      layout_basic, serial_shops, nicolae_stop_n_shop_2,
          nicolae_shop_behind_doors, nicolae_shop_hallway_stairs,
          minmay_close_crescents

Skill      XL: |  1  2  3  4  5 |
---------------+----------------+-----
Earth Magic    | 3 4 |  4.8
Spellcasting   | 3 |  3.0
Conjurations   | 1 2 |  2.4
Dodging        | |  1.7
Stealth        | |  1.4
Transmutations | |  0.8

Action                   |  1- 3 |  4- 6 || total
-------------------------+-------+-------++-------
Melee: Unarmed           |    39 |   108 ||   147
       Club              |       |    91 ||    91
       Punch             |       |     2 ||     2
 Cast: Sandblast         |    53 |    39 ||    92
       Stone Arrow       |       |     1 ||     1
  Use: Potion            |     2 |     2 ||     4
 Stab: Sleeping          |     1 |     1 ||     2
Armor: Robe              |    39 |    80 ||   119
Dodge: Dodged            |    30 |   236 ||   266

Table legend: (Time is in decaauts)
 A = Elapsed time spent in this place.
 B = Non-inter-level travel time spent in this place.
 C = Inter-level travel time spent in this place.
 D = Time resting spent in this place.
 E = Time spent auto-exploring this place.
 F = Levels seen in this place.
 G = Mean time per level.
                   A        B        C        D        E       F      G
               +--------+--------+--------+--------+--------+-----+--------+
         Total |   4099 |   3994 |    105 |      0 |   3314 |   4 | 1024.8 |
       Dungeon |   4099 |   3994 |    105 |      0 |   3314 |   4 | 1024.8 |
               +--------+--------+--------+--------+--------+-----+--------+

Top non-repeatable levels by time:
     D:1: 1616 daAuts
     D:2: 1267 daAuts
     D:3: 1102 daAuts
     D:4: 113 daAuts
